Map: King's Cove LE

Players

llllllllllll

  • Race: Protoss Protoss
  • League: Grandmaster
  • Spawn Location: 11:00

NORTHAMERICA - Winner!

  • Race: Protoss Protoss
  • League: Grandmaster
  • Spawn Location: 5:00

VOD

Have the link to the VOD?

Description

Time

  • Played on: May 7, 2019, 1:05 a.m.
  • Length: 25:47
Show
View Real Time Build Order
Export as new Build Order

llllllllllll Protoss 

Build Orders: Phoenix Opening, Archon Immortal, Carriers 

Get SALT Encoding   

  12  0:00  Probe  
  13  0:13  Probe  
  14  0:20  Pylon  
  14  0:25  Probe  
  15  0:35  Probe  
  15  0:39  Gateway  
  16  0:43  Probe  
  17  0:52  Assimilator, Probe  
  18  1:00  Probe  
  19  1:05  Assimilator  
  19  1:08  Probe  
  19  1:15  Pylon  
  20  1:18  Probe  
  20  1:23  Gateway  
  21  1:28  Cybernetics Core  
  21  1:31  Probe  
  22  1:38  Pylon  
  22  1:43  Probe  
  23  1:56  Probe  
  24  2:06  Adept  
  24  2:07  Stargate  
  26  2:10  Adept  
  28  2:19  Warp Gate  
  28  2:27  Pylon  
  28  2:37  Stalker  
  28  2:42  Phoenix  
  32  2:56  Shield Battery  
  27  3:05  Phoenix  
  34  3:25  Phoenix  
  34  3:32  Nexus  
  36  3:46  Probe  
  37  3:51  Pylon  
  37  4:02  Probe  
  36  4:05  Phoenix  
  36  4:06  Robotics Facility  
  36  4:14  Probe  
  37  4:26  Probe  
  40  4:38  Probe  
  39  4:43  Probe  
  39  4:45  Forge  
  39  4:46  Probe  
  39  4:51  Sentry, Probe  
  43  4:53  Immortal  
  43  4:54  Probe  
  49  5:01  Probe  
  49  5:04  Probe  
  51  5:13  Probe  
  52  5:17  Probe  
  53  5:21  Immortal  
  53  5:25  Probe  
  53  5:26  Assimilator  
  54  5:28  Assimilator  
  54  5:29  Probe  
  54  5:32  Pylon  
  59  5:37  Probe  
  62  5:42  Protoss Ground Weapons Level 1  
  62  5:43  Probe  
  62  5:47  Twilight Council  
  62  5:49  Probe  
  62  5:51  Warp Prism  
  62  5:55  Probe  
  63  5:59  Stalker  
  63  6:00  Stalker  
  63  6:01  Probe  
  70  6:04  Pylon  
  70  6:14  Pylon  
  70  6:19  Pylon  
  70  6:22  Probe x2  
  72  6:25  Charge  
  72  6:30  Gateway  
  72  6:31  Gateway  
  72  6:33  Immortal  
  74  6:46  Templar Archives  
  76  7:01  Nexus  
  76  7:03  Pylon  
  76  7:11  Immortal  
  80  7:30  Gateway  
  80  7:34  Gateway  
  80  7:35  Protoss Ground Weapons Level 2  
  80  7:36  Gateway x2  
  80  7:47  Immortal  
  80  7:51  Probe x2  
  86  7:58  Pylon  
  86  8:03  Probe x2  
  86  8:04  High Templar x2  
  92  8:08  Pylon, Archon  
  92  8:14  Probe  
  92  8:15  Probe x2  
  92  8:19  Immortal  
  95  8:23  Pylon  
  95  8:26  Probe  
  98  8:27  Probe  
  98  8:31  Zealot  
  98  8:32  Zealot x2  
  103  8:46  Probe  
  103  8:48  Probe  
  93  8:51  Probe  
  93  8:54  Probe  
  92  8:57  Assimilator  
  92  8:58  Warp Prism  
  92  8:59  Pylon  
  92  9:00  Probe  
  96  9:03  Assimilator  
  96  9:10  Photon Cannon  
  96  9:11  Nexus  
  96  9:12  Pylon  
  96  9:13  Photon Cannon  
  96  9:17  Photon Cannon  
  96  9:26  High Templar x6  
  96  9:28  Observer  
  108  9:32  Archon x3  
  109  9:45  Immortal  
  109  9:50  Protoss Ground Weapons Level 3  
  113  10:03  Probe x3  
  116  10:15  Assimilator  
  116  10:20  Assimilator  
  116  10:23  Pylon  
  116  10:24  Shield Battery  
  116  10:25  Immortal  
  116  10:26  Zealot x3  
  116  10:27  Zealot x5  
  135  10:50  Zealot  
  135  10:51  Zealot x6  
  135  10:52  Zealot  
  104  11:15  Probe x4  
  104  11:18  Zealot x6  
  97  11:19  Zealot x2  
  97  11:24  Probe x2  
  97  11:25  Probe x2  
  106  11:32  Probe  
  110  11:33  Probe x3  
  114  11:41  Probe  
  114  11:42  Probe x3  
  118  11:47  Photon Cannon  
  118  11:53  Probe  
  118  11:54  Probe x3  
  122  11:55  High Templar  
  122  11:56  High Templar x4  
  122  11:58  High Templar x3  
  138  12:05  Archon x2, Probe  
  138  12:06  Archon x2, Probe x3  
  142  12:11  Protoss Ground Armor Level 1  
  142  12:18  Probe x4  
  146  12:25  Immortal  
  150  12:30  Probe x3  
  153  12:38  Pylon  
  153  12:41  Pylon  
  153  12:50  High Templar x6  
  153  12:51  High Templar x2  
  169  12:53  Photon Cannon  
  169  12:54  Pylon  
  169  12:55  Probe x3  
  169  12:56  Archon x2, Probe, Warp Prism  
  169  12:57  Archon x2  
  175  13:07  Photon Cannon  
  175  13:22  Fleet Beacon  
  175  13:23  Stargate x2  
  175  13:29  Protoss Air Weapons Level 1  
  175  13:44  Observer  
  138  14:18  Carrier x3  
  138  14:19  Zealot x5  
  138  14:20  Zealot x3  
  130  14:29  Immortal  
  100  14:49  High Templar x4  
  100  14:50  High Templar x4  
  116  14:54  Archon x2  
  116  14:55  Archon x2  
  115  15:15  Phoenix  
  115  15:16  Phoenix x2  
  115  15:22  Zealot x7  
  115  15:23  Zealot  
  115  15:28  Carrier x3  
  137  15:34  Nexus  
  137  15:35  Pylon  
  155  15:44  Immortal  
  159  15:57  Zealot  
  159  15:58  Zealot x3  
  159  16:16  Carrier x3  
  159  16:17  Assimilator  
  159  16:18  Probe  
  159  16:19  Probe x2  
  159  16:20  Probe  
  159  16:22  Assimilator  
  181  16:44  Zealot x6  
  181  16:45  Zealot x2  
  135  17:08  High Templar  
  135  17:09  High Templar x3  
  135  17:12  Shield Battery, Photon Cannon  
  135  17:14  Archon x2  
  135  17:15  Pylon  
  138  17:21  Zealot x4  
  137  17:32  Carrier  
  124  17:48  Probe x2  
  124  17:49  Probe  
  109  18:00  Zealot x2  
  109  18:01  Zealot  
  103  18:22  Carrier  
  91  18:33  Probe  
  96  19:06  Nexus  
  96  19:36  High Templar x5  
  96  19:37  High Templar x3  
  112  19:41  Archon  
  112  19:42  Archon x3  
  112  19:44  Probe x2  
  112  19:45  Probe  
  115  19:56  Probe  
  115  19:57  Probe  
  117  20:00  Probe  
  118  20:13  Zealot x3  
  123  20:20  Probe  
  123  20:21  Probe  
  125  20:23  Probe  
  126  20:41  Probe  
  126  20:42  Probe  
  128  20:43  Probe x2  
  130  20:50  Assimilator  
  130  20:54  Assimilator  
  130  21:00  High Templar x4  
  130  21:03  Observer  
  130  21:04  Archon x2  
  138  21:05  Mothership  
  138  21:06  Pylon  
  139  21:22  Photon Cannon  
  147  21:40  Photon Cannon  
  145  22:00  Nexus, Oracle  
  145  22:03  Pylon  
  145  22:07  Carrier  
  152  22:36  Shield Battery  
  152  22:40  Shield Battery  
  111  23:11  Zealot x2  
  111  23:12  Zealot x4  
  80  24:54  High Templar  
  80  24:55  High Templar x3  
  80  24:59  Archon x2  
Show
View Real Time Build Order
Export as new Build Order

NORTHAMERICA Protoss - Winner!

Build Orders:  

Get SALT Encoding   

  12  0:01  Probe  
  13  0:13  Probe  
  14  0:18  Pylon  
  14  0:26  Probe  
  15  0:36  Probe  
  15  0:40  Gateway  
  16  0:44  Probe  
  17  0:52  Assimilator, Probe  
  18  1:00  Probe  
  18  1:02  Assimilator  
  18  1:08  Probe  
  20  1:18  Probe  
  20  1:20  Gateway  
  21  1:32  Cybernetics Core  
  21  1:39  Probe  
  22  1:45  Pylon  
  22  1:51  Probe  
  23  2:02  Warp Gate  
  23  2:03  Probe  
  24  2:10  Sentry  
  24  2:11  Stalker  
  28  2:16  Probe  
  28  2:20  Pylon  
  29  2:28  Probe  
  29  2:29  Pylon  
  30  2:38  Stalker  
  32  2:45  Stalker  
  32  2:47  Probe  
  35  3:17  Shield Battery  
  35  3:22  Nexus, Probe  
  36  3:28  Pylon  
  36  3:35  Robotics Facility  
  36  3:41  Probe  
  36  3:48  Shield Battery  
  37  3:53  Adept  
  38  3:58  Probe  
  37  4:06  Pylon  
  37  4:10  Probe  
  38  4:17  Shield Battery, Stalker x2  
  38  4:22  Observer, Probe  
  44  4:31  Probe  
  44  4:37  Probe  
  42  4:39  Probe  
  42  4:48  Probe  
  42  4:49  Probe  
  42  4:51  Stargate  
  44  4:53  Stargate  
  44  4:57  Probe  
  44  5:01  Probe  
  44  5:06  Probe  
  45  5:09  Stalker  
  45  5:13  Probe  
  49  5:17  Probe  
  48  5:22  Assimilator  
  48  5:23  Stargate, Assimilator  
  48  5:25  Probe x2  
  49  5:33  Probe  
  50  5:36  Probe  
  52  5:44  Probe x2, Twilight Council  
  52  5:47  Forge  
  52  5:49  Sentry  
  55  5:52  Probe  
  55  5:57  Probe  
  57  6:04  Observer, Probe, Protoss Ground Weapons Level 1  
  58  6:05  Gateway  
  58  6:09  Probe  
  63  6:16  Probe  
  64  6:19  Pylon  
  65  6:27  Charge  
  64  6:33  Probe  
  64  6:37  Immortal  
  66  6:42  Nexus  
  66  6:45  Probe  
  67  6:53  Templar Archives  
  67  6:55  Gateway  
  67  7:03  Gateway  
  66  7:11  Probe  
  66  7:12  Gateway  
  67  7:19  Probe  
  67  7:23  Gateway  
  67  7:24  Gateway, Probe  
  67  7:27  Gateway  
  68  7:31  Probe  
  68  7:36  Probe  
  70  7:38  Pylon  
  70  7:47  Pylon  
  70  7:54  Immortal, Probe  
  70  7:55  Probe x2  
  70  7:56  High Templar, Protoss Ground Weapons Level 2  
  70  7:57  High Templar x2  
  83  7:58  High Templar  
  83  8:02  Archon x2  
  85  8:07  Probe x2  
  85  8:11  Probe  
  85  8:12  Pylon  
  87  8:19  Probe x2  
  87  8:28  Zealot x3  
  87  8:32  Probe  
  88  8:39  Probe  
  89  8:43  Observer  
  89  8:44  Probe x2  
  89  8:47  Immortal  
  92  8:51  Probe  
  92  8:52  Probe  
  88  8:56  Probe  
  88  9:00  Probe  
  90  9:04  Probe  
  90  9:08  Probe  
  90  9:09  High Templar x3  
  99  9:11  High Templar  
  99  9:16  Pylon, Archon x2, Probe  
  102  9:18  Warp Prism  
  102  9:20  Pylon  
  102  9:23  Probe  
  102  9:29  High Templar x2  
  108  9:32  Probe  
  108  9:33  Pylon, Archon  
  108  9:40  Probe x2  
  108  9:44  Probe  
  111  9:49  Stalker x2  
  111  9:50  Zealot  
  111  9:51  Zealot x2  
  111  9:52  Probe  
  122  9:53  Probe  
  122  9:58  Probe  
  123  10:00  Pylon  
  122  10:12  Assimilator  
  122  10:13  Assimilator  
  122  10:15  High Templar  
  122  10:16  High Templar  
  122  10:17  Zealot x3  
  122  10:18  Zealot x2  
  122  10:20  Archon  
  136  10:22  Zealot  
  136  10:26  Pylon  
  137  10:41  High Templar x2  
  141  10:47  Archon, Zealot x2  
  141  10:48  Zealot x2  
  147  11:00  Zealot x3  
  129  11:05  Immortal  
  101  11:18  Probe  
  101  11:22  Robotics Bay  
  101  11:25  High Templar x2  
  104  11:26  Zealot x4  
  104  11:27  Zealot x3  
  104  11:32  Archon, Probe  
  113  11:34  Shield Battery  
  113  11:37  Shield Battery  
  111  11:41  Probe  
  111  11:42  Photon Cannon  
  111  11:46  Photon Cannon  
  112  11:54  High Templar  
  112  11:55  High Templar  
  112  11:57  Nexus  
  112  11:59  High Templar x2, Archon  
  112  12:00  Pylon  
  120  12:03  Disruptor  
  120  12:04  Archon  
  120  12:07  Probe  
  119  12:11  Zealot x4  
  119  12:12  Zealot  
  132  12:20  Probe  
  132  12:22  Photon Cannon  
  132  12:28  Disruptor  
  130  12:34  Stalker x2  
  132  12:39  Probe  
  135  12:45  Probe  
  135  12:46  Probe  
  135  12:51  Protoss Shields Level 1, Probe, Disruptor  
  136  12:57  Probe  
  136  12:58  Probe  
  138  13:03  Probe  
  138  13:04  Photon Cannon  
  142  13:07  Shield Battery  
  142  13:09  Probe  
  143  13:15  Probe  
  143  13:16  Probe  
  145  13:20  Disruptor  
  145  13:26  Photon Cannon  
  145  13:30  Shield Battery, High Templar x4  
  145  13:33  Probe  
  153  13:35  Zealot x2  
  153  13:37  Archon  
  153  13:38  Archon  
  157  13:41  Probe  
  157  13:43  Assimilator  
  157  13:44  Disruptor  
  153  13:57  Zealot  
  153  13:58  Zealot x3  
  152  14:14  Zealot x3  
  128  14:17  Disruptor, Zealot x3  
  128  14:19  Zealot x2  
  121  14:29  Zealot  
  103  14:36  Zealot x2  
  103  14:37  Stalker  
  99  14:43  Zealot x3  
  99  14:44  Zealot  
  105  14:51  Disruptor, Probe  
  106  14:56  Zealot x2  
  113  15:00  Probe  
  113  15:05  Probe  
  113  15:06  Stalker x2  
  119  15:12  High Templar  
  119  15:13  High Templar x4  
  129  15:15  Warp Prism  
  129  15:16  Probe  
  129  15:19  Archon x2, Assimilator  
  129  15:20  High Templar  
  132  15:27  Archon  
  134  15:33  High Templar x2  
  138  15:37  Archon  
  138  15:38  Zealot  
  140  15:43  Pylon  
  140  15:44  Pylon  
  140  15:47  High Templar x2, Zealot  
  140  15:48  Zealot x2  
  150  15:51  Archon  
  150  15:53  Zealot  
  152  16:01  Zealot  
  152  16:02  Zealot x2  
  156  16:08  Warp Prism  
  154  16:11  Stalker  
  154  16:12  Stalker  
  154  16:13  Zealot x3  
  154  16:17  Pylon  
  164  16:24  High Templar x4  
  170  16:29  Archon x2  
  170  16:33  Pylon  
  170  16:35  Zealot x4  
  170  16:36  Zealot  
  143  16:56  Stalker x5  
  143  16:57  Stalker x3  
  153  17:05  Stalker  
  155  17:17  Zealot x4  
  155  17:20  High Templar x2  
  167  17:25  Archon  
  167  17:28  Zealot x2  
  167  17:29  Zealot  
  161  17:46  Stalker x4  
  161  17:48  Probe  
  154  17:57  Stalker x2  
  154  17:58  Stalker x3  
  153  18:00  Probe  
  120  18:33  Probe  
  113  18:37  Probe, Dark Shrine  
  113  18:41  Blink  
  114  18:42  Photon Cannon  
  114  18:43  Shield Battery, Nexus  
  114  18:44  Pylon  
  114  18:48  Sentry  
  116  18:52  Zealot  
  118  19:00  Shield Battery  
  116  19:03  Photon Cannon  
  116  19:06  Photon Cannon  
  116  19:08  Photon Cannon  
  116  19:09  Pylon, Photon Cannon  
  116  19:11  Photon Cannon  
  116  19:12  Shield Battery  
  116  19:14  Shield Battery  
  116  19:15  Observer  
  116  19:16  Pylon  
  115  19:29  High Templar  
  115  19:30  High Templar x2  
  115  19:31  High Templar  
  123  19:32  Zealot x4  
  123  19:36  Archon x2  
  130  19:43  Nexus  
  130  19:47  Pylon  
  130  19:49  Assimilator  
  130  19:51  Assimilator, Dark Templar  
  132  19:53  Dark Templar  
  132  19:57  Archon  
  132  19:58  Dark Templar  
  134  20:00  Dark Templar  
  134  20:03  Archon  
  136  20:17  Stalker x4  
  136  20:18  Stalker  
  146  20:25  Shield Battery, Photon Cannon  
  140  20:34  Dark Templar  
  142  20:41  Stalker x3  
  142  20:42  Stalker  
  150  20:45  Zealot  
  150  20:46  Zealot  
  152  21:13  Nexus  
  152  21:15  Pylon  
  152  21:19  Dark Templar x4  
  152  21:25  Archon x2, Warp Prism  
  160  21:29  Dark Templar x2  
  164  21:33  Archon  
  166  21:46  Sentry  
  168  21:49  Probe  
  168  21:56  Dark Templar x2  
  168  21:57  Zealot x4  
  168  22:00  Archon  
  180  22:11  Photon Cannon  
  180  22:12  Shield Battery  
  180  22:14  Pylon  
  180  22:23  Dark Templar x3  
  180  22:24  Dark Templar  
  180  22:27  Archon  
  180  22:28  Archon  
  180  22:29  Zealot x2  
  176  22:54  Stalker  
  176  22:55  Stalker x3  
  176  22:58  Zealot x4  
  173  23:04  Disruptor  
  173  23:05  Zealot  
  140  23:22  Dark Templar x5  
  140  23:24  Protoss Shields Level 2  
  140  23:27  Archon x2  
  150  23:28  Stalker  
  150  23:32  Zealot  
  153  23:52  Sentry  
  153  23:53  Sentry  
  157  23:59  Probe x5  
  157  24:01  Assimilator  
  160  24:07  Assimilator  
  160  24:18  Zealot  
  159  24:25  Dark Templar x4  
  159  24:30  Archon x2  
  166  24:31  Photon Cannon  
  162  24:46  Photon Cannon  
  162  24:52  Dark Templar x4  
  170  24:56  Archon x2  
  170  24:57  Shield Battery  
  170  24:58  Shield Battery  
  168  25:00  Zealot  
  168  25:01  Zealot  
  168  25:02  Zealot  
  174  25:09  Dark Templar x2  
  178  25:14  Archon  
  178  25:23  Dark Templar x2  
  178  25:26  Stalker x2  
  178  25:28  Archon  
Tags
 
Add a new tag
Caveats
  • Supply blocks, unpowered buildings, or Contaminate may cause inaccurate times.
  • Supply counts are checked every 10 seconds.